 Dungeon Crawl Stone Soup version 0.28-a0-1002-gf00fe891ef (webtiles) character file.

Game seed: 17361356149040388668

25069 ytrimaz the Martial Artist (level 13, -1/106 HPs)
             Began as an Octopode Transmuter on Dec 6, 2021.
             Was an Initiate of Gozag.
             Shot with an arrow by a deep elf archer (7 damage)
             ... on level 13 of the Dungeon.
             The game lasted 00:24:40 (19832 turns).

ytrimaz the Martial Artist (Octopode Transmuter)   Turns: 19832, Time: 00:24:40

Health: -1/106     AC: 12    Str: 19    XL:     13   Next: 17%
Magic:  26/26      EV: 12    Int: 19    God:    Gozag
Gold:   334        SH:  0    Dex: 13    Spells: 15/30 levels left

rFire   + + .      SeeInvis +     - Unarmed
rCold   + + +      Faith    .   (shield currently unavailable)
rNeg    . . .      Spirit   .   (helmet currently unavailable)
rPois   +          Reflect  .   y - amulet "Dyenty" {RegenMP Str+6}
rElec   .          Harm     .   i - +4 ring of protection
rCorr   +          Rampage  .   d - ring of see invisible
Will    .....                   r - ring of protection from cold
Stlth   +.........              t - ring of resist corrosion
HPRegen 0.27/turn               j - ring of Kuseevoff {rF+++ rC++ SInv}
MPRegen 0.60/turn               w - ring of poison resistance
                                A - ring of Arghetag {Wiz Str+3}
                                (no ring)

@: about to teleport, ice-form, gold aura, on berserk cooldown, slowed, very
slow
A: freezing attack, boosted hp, almost no armour, amphibious, 8 rings, large,
(camouflage 1), (gelatinous body 1), (nimble swimmer 1), (tentacles)
a: End Transformation, Renounce Religion, Potion Petition, Call Merchant, Bribe
Branch


You were on level 13 of the Dungeon.
You worshipped Gozag.
Gozag was aware of your devotion.
You were a creature of crystalline ice.
You visited 2 branches of the dungeon, and saw 14 of its levels.
You also visited: Sewer and Ossuary.

You collected 3713 gold pieces.
You spent 2249 gold pieces at shops.
You paid 1130 gold pieces to Gozag.

Inventory:

Missiles
 F - a throwing net
Armour
 C - a +1 hat (melded)
Jewellery
 d - a ring of see invisible (right front paw)
 f - a ring of flight
 i - a +4 ring of protection (left front paw)
 j - the ring of Kuseevoff (on tentacle) {rF+++ rC++ SInv}
   (You bought it in a shop on level 4 of the Dungeon)

   [ring of see invisible]

   rF:        It renders you almost immune to fire.
   rC:        It greatly protects you from cold.
   SInv:      It lets you see invisible.
 r - a ring of protection from cold (on tentacle)
 t - a ring of resist corrosion (on tentacle)
 u - a ring of ice
 w - a ring of poison resistance (on tentacle)
 y - the amulet "Dyenty" (around neck) {RegenMP Str+6}
   (You found it on level 9 of the Dungeon)

   [amulet of magic regeneration]

   It increases your rate of magic regeneration.
   Str:       It affects your strength (+6).
 A - the ring of Arghetag (on tentacle) {Wiz Str+3}
   (You bought it in a shop on level 4 of the Dungeon)

   [ring of wizardry]

   It improves your spell success rate.
   Str:       It affects your strength (+3).
 B - an amulet of guardian spirit
 G - the ring of Jetaimp {Fire Will+ Str-5 Slay+3}
   (You found it on level 11 of the Dungeon)

   [ring of fire]

   It enhances your fire magic.
   Str:       It affects your strength (-5).
   Slay:      It affects your accuracy & damage with ranged weapons and melee
   (+3).
   rF:        It protects you from fire.
   rC:        It makes you vulnerable to cold.
   Will:      It increases your willpower.
Wands
 b - a wand of acid (14)
 q - a wand of flame (19)
 s - a wand of iceblast (21)
Scrolls
 g - 2 scrolls of blinking
 l - 5 scrolls of fog
 n - 5 scrolls of teleportation
 p - 2 scrolls of fear
 D - 3 scrolls of identify
 E - 2 scrolls of enchant armour
 I - a scroll of enchant weapon
Potions
 a - 5 potions of attraction
 c - 3 potions of resistance
 e - 3 potions of cancellation
 h - 2 potions of brilliance
 k - 2 potions of haste
 m - 7 potions of lignification
 o - 6 potions of flight
 v - 4 potions of curing
 x - a potion of magic
 H - a potion of ambrosia


   Skills:
 * Level 8.7 Fighting
 * Level 7.2 Dodging
 + Level 13.3 Unarmed Combat
 * Level 9.3 Spellcasting
 * Level 9.4 Transmutations
 - Level 2.4 Ice Magic
 - Level 3.7 Poison Magic


You had 15 spell levels left.
You knew the following spells:

 Your Spells              Type           Power      Damage    Failure   Level
a - Beastly Appendage     Tmut           88%        N/A       1%          1
b - Spider Form           Tmut/Pois      33%        N/A       1%          3
c - Ice Form              Ice/Tmut       31%        N/A       2%          4
d - Dragon Form           Tmut           22%        N/A       47%         7

Your spell library contained the following spells:

 Spells                   Type           Power      Damage    Failure   Level
 Sting                    Tmut/Pois      100%       1d8       1%          1
 Wereblood                Tmut           44%        N/A       1%          2
 Ignite Poison            Fire/Tmut/Pois 25%        N/A       1%          3
 Poisonous Vapours        Pois/Air       30%        N/A       2%          2
 Magic Dart               Conj           32%        1d4       3%          1
 Slow                     Hex            32%        N/A       3%          1
 Ensorcelled Hibernation  Hex/Ice        26%        N/A       3%          2
 Corpse Rot               Necr/Air       16%        N/A       4%          2
 Searing Ray              Conj           16%        2d5       4%          2
 Alistair's Intoxication  Tmut/Pois      22%        N/A       6%          5
 Confusing Touch          Hex            8%         N/A       10%         3
 Conjure Flame            Conj/Fire      8%         6-21      10%         3
 Tukima's Dance           Hex            8%         N/A       10%         3
 Vampiric Draining        Necr           8%         2d6       10%         3
 Irradiate                Conj/Tmut      13%        3d18      13%         5
 Yara's Violent Unravell  Hex/Tmut       13%        3d7       13%         5
 Dispel Undead            Necr           8%         3d8       32%         4
 Fulminant Prism          Conj/Hex       4%         3d6       32%         4
 Sticky Flame             Conj/Fire      8%         2d3       32%         4
 Lee's Rapid Deconstruct  Erth           4%         3d6*      63%         5
 Summon Mana Viper        Hex/Summ       8%         N/A       63%         5
 Conjure Ball Lightning   Conj/Air       4%         3x3d6     99%         6
 Death Channel            Necr           4%         N/A       99%         6
 Discord                  Hex            4%         N/A       100%        8
 Disjunction              Tloc           4%         N/A       100%        8
 Dragon's Call            Summ           4%         N/A       100%        9


Dungeon Overview and Level Annotations

Branches:
Dungeon (13/15)            Temple (1/1) D:7            Lair (0/6) D:9
    Orc (0/2) D:9          Vaults (0/5) D:13          Sewer (visited)
Ossuary (visited)

Altars:
Ashenzari
Cheibriados
Dithmenos
Elyvilon
Fedhas
Gozag
Hepliaklqana
Kikubaaqudgha
Makhleb
Nemelex Xobeh
Okawaru
Qazlal
Ru
Sif Muna
Trog
Uskayaw
Vehumet
Wu Jian
Xom
Yredelemnul
Zin
The Shining One

Shops:
D:4 =   D:10 :   D:11 [   D:13 *

Annotations:
D:9 2 runed translucent doors
D:12 Fannar, Rupert


Innate Abilities, Weirdness & Mutations

You are a creature of crystalline ice.
You have a powerful freezing melee attack.
Your maximum health is increased.
Your armour is entirely melded.
You are incapable of wielding weapons or throwing items.
You cannot wear most types of armour.
You are amphibious.
You can wear up to eight rings at the same time.
((Your skin changes colour to match your surroundings (Stealth+).))
((Your rubbery body absorbs attacks. (AC +1, EV +1)))
((You are camouflaged near water. (Stealth+)))
((You have tentacles for arms and can constrict up to eight enemies at once.))


Message History

The centaur warrior hits you.
* * * LOW HITPOINT WARNING * * *
The centaur warrior barely misses you.
You slam the door shut with a bang, pushing everything out of the way!
You are no longer berserk.
You are exhausted.
You feel yourself slow down.
The centaur warrior is distracted by your dazzling golden aura.
Unknown command.
The centaur warrior shouts!
You punch the centaur warrior! You freeze the centaur warrior.
The centaur warrior is no longer distracted by gold.
The centaur warrior is severely wounded.
The centaur warrior hits you but does no damage.
The centaur warrior kicks you but does no damage.
Unknown command.
You punch the centaur warrior! You freeze the centaur warrior.
You kill the centaur warrior!
The cane toad closely misses you.
You pummel the cane toad!!
The cane toad seems to slow down.
You freeze the cane toad.
The cane toad is heavily wounded.
The cane toad stings you.
* * * LOW HITPOINT WARNING * * *
Unknown command.
You punch the cane toad! You freeze the cane toad.
The cane toad is almost dead.
A deep elf archer opens the door.
The cyclops is distracted by your dazzling golden aura.
The cane toad stings you but does no damage.
Unknown command.
Okay, then.
As you read the scroll of teleportation, it crumbles to dust.
You feel strangely unstable.
The deep elf archer casts a spell at you.
You resist with significant effort.
The cane toad stings you but does no damage.
The deep elf archer shoots an arrow.
The arrow hits you!
You die...
Your body crumbles into a pile of gold.

<...##..#.#..## ##.....^
#.#..##..#..## . ##....##.
#.##..###'### '# #...#..#.
#....##...(.## #.# ##...#.#.
##..##.......## #C# ##....#.
#.##.........## #.# ##...#.
##.#...........# #Q# #..##.
#..#...._._...$##F# #.###.
...#.....8....e'Y# #.# ##
.#.#...._._....##.# #.# #
##.#...........# #.# #.# #
##.##...?.....### #)# ##.#
##..##.......##.## #.# ##..#
###..##.....##...## #.#
##..##
......#######.....#######..##
###.............#.........##
##.................######


You could see a tengu warrior, a deep elf archer (repels missiles), a cyclops
(unaware) and a cane toad (slow).

Vanquished Creatures
  Snorg (D:10)
  Erolcha (D:10)
  A hydra (D:12)
  Erica (D:9)
  3 centaur warriors
  2 two-headed ogres
  A wizard (D:13)
  Pikel (D:8)
  2 deep elf pyromancers
  2 manticores (D:13)
  A cyclops (D:12)
  2 ugly things (D:13)
  Psyche (D:8)
  Maggie (D:6)
  An unseen horror (shapeshifter) (D:13)
  Maurice (D:10)
  An unseen horror (D:13)
  2 komodo dragons
  A kobold demonologist (D:9)
  6 trolls
  A meliai (D:13)
  3 slime creatures
  Prince Ribbit (D:8)
  A vampire (D:9)
  3 wraiths
  A yak (shapeshifter) (D:13)
  21 yaks
  2 basilisks (D:9)
  4 vampire mosquitoes
  A steam dragon (D:10)
  3 acid dragons
  2 water moccasins
  4 orc warriors
  2 hornet zombies
  4 black bears
  2 sky beasts
  5 ogres
  7 centaurs
  2 phantoms (D:4)
  2 lemures (D:8)
  Blork the orc (D:5)
  A gnoll sergeant (D:5)
  13 scorpions
  A water moccasin zombie (D:3)
  5 bullfrogs
  A wyvern zombie (D:9)
  4 killer bees (D:10)
  8 wights
  2 howler monkeys
  6 centaur zombies
  2 bullfrog zombies
  A human zombie (Ossuary)
  5 orc priests
  A jelly (D:6)
  3 hounds
  3 bullfrog skeletons
  2 gnoll shamans
  An iguana (D:6)
  10 orc wizards
  4 scorpion zombies (Ossuary)
  3 mummies (Ossuary)
  A howler monkey zombie (D:8)
  Robin (D:2)
  12 gnolls
  4 adders
  A shadow imp (D:7)
  A white imp (D:6)
  A worm (D:3)
  7 dart slugs
  31 orcs
  10 endoplasms
  3 giant cockroaches
  16 goblins
  9 hobgoblins
  7 kobolds
  3 quokkas
  6 ball pythons
  11 bats
  8 frilled lizards
  2 gnoll zombies (Ossuary)
  5 goblin zombies (Ossuary)
  2 hobgoblin zombies (Ossuary)
  3 kobold zombies (Ossuary)
  An orc zombie (Ossuary)
  15 rats
340 creatures vanquished.

Vanquished Creatures (others)
  6 plants (D:9)
6 creatures vanquished.

Grand Total: 346 creatures vanquished

Notes
Turn   | Place    | Note
-------+----------+-------------------------------------------
     0 | D:1      | ytrimaz the Octopode Transmuter began the quest for the
                  | Orb.
     0 | D:1      | Reached XP level 1. HP: 13/13 MP: 3/3
   106 | D:1      | Reached XP level 2. HP: 4/18 MP: 3/5
   406 | D:1      | Found a faded altar of an unknown god.
   415 | D:1      | Prayed at the altar of an unknown god.
   415 | D:1      | Became a worshipper of Gozag Ym Sagoz the Greedy
  1065 | D:1      | Reached XP level 3. HP: 12/23 MP: 6/6
  1071 | D:1      | Learned a level 3 spell: Spider Form
  2110 | D:2      | Got Kizan's Collected Works on Supportive Venom
  2172 | D:2      | Reached XP level 4. HP: 25/28 MP: 6/8
  2613 | D:2      | Noticed Robin
  2652 | D:2      | Killed Robin
  2687 | D:2      | Reached skill level 4 in Unarmed Combat
  2697 | D:2      | Reached XP level 5. HP: 8/34 MP: 3/9
  3675 | D:3      | Reached skill level 1 in Poison Magic
  3675 | D:3      | Reached XP level 6. HP: 14/41 MP: 10/10
  3996 | D:3      | Found a sparkling altar of Nemelex Xobeh.
  4464 | D:4      | Reached skill level 5 in Unarmed Combat
  4478 | D:4      | Found a glowing drain.
  4494 | Sewer    | Entered a sewer
  4557 | Sewer    | Noticed a water moccasin
  4573 | Sewer    | Killed a water moccasin
  4574 | Sewer    | Reached XP level 7. HP: 21/45 MP: 12/12
  4767 | D:4      | Reached skill level 6 in Unarmed Combat
  4894 | D:4      | Found a sand-covered staircase.
  4899 | Ossuary  | Entered an ossuary
  5106 | Ossuary  | Learned a level 4 spell: Ice Form
  5126 | Ossuary  | Reached XP level 8. HP: 52/52 MP: 10/14
  5781 | Ossuary  | Reached skill level 7 in Unarmed Combat
  5786 | Ossuary  | Reached skill level 1 in Ice Magic
  6396 | D:4      | Reached XP level 9. HP: 59/59 MP: 13/16
  6773 | D:4      | Reached skill level 5 in Transmutations
  6915 | D:4      | Reached skill level 5 in Spellcasting
  7048 | D:5      | Entered Level 5 of the Dungeon
  7099 | D:5      | Reached skill level 8 in Unarmed Combat
  7404 | D:5      | Reached skill level 5 in Fighting
  7542 | D:5      | Noticed Blork the orc
  7550 | D:5      | Killed Blork the orc
  8086 | D:6      | Reached skill level 9 in Unarmed Combat
  8451 | D:6      | Noticed a two-headed ogre
  8453 | D:6      | Reached XP level 10. HP: 41/68 MP: 11/18
  8955 | D:6      | Found a glowing golden altar of the Shining One.
  8962 | D:6      | Found a white marble altar of Elyvilon.
  8970 | D:6      | Found a blossoming altar of Fedhas.
  8980 | D:6      | Found a glowing silver altar of Zin.
  8985 | D:6      | Found an opulent altar of Gozag.
  8992 | D:6      | Found a sacrificial altar of Ru.
  8997 | D:6      | Found a bloodstained altar of Trog.
  9034 | D:6      | HP: 3/68 [two-headed ogre (16)]
  9042 | D:6      | Killed a two-headed ogre
  9900 | D:6      | Noticed Maggie
  9928 | D:6      | Killed Maggie
 10270 | D:4      | Bought the ring of Kuseevoff {rF+++ rC++ SInv} for 1043
                  | gold pieces
 10711 | D:7      | You fall into a shaft and drop 1 floor!
 11039 | D:7      | Reached skill level 10 in Unarmed Combat
 11250 | D:7      | Found a staircase to the Ecumenical Temple.
 11267 | Temple   | Entered the Ecumenical Temple
 11770 | D:8      | Noticed Pikel
 11795 | D:8      | Killed Pikel
 11796 | D:8      | Reached XP level 11. HP: 63/74 MP: 17/22
 11915 | D:8      | Noticed Prince Ribbit
 11931 | D:8      | Killed Prince Ribbit
 12474 | D:8      | Noticed Psyche
 12487 | D:8      | Killed Psyche
 13760 | D:9      | Found a staircase to the Orcish Mines.
 13800 | D:9      | Found a large runed translucent door.
 13800 | D:9      | Found a large runed translucent door.
 13831 | D:9      | Reached skill level 11 in Unarmed Combat
 13836 | D:9      | Found a large runed translucent door.
 13836 | D:9      | Found a large runed translucent door.
 13846 | D:9      | Identified the amulet "Dyenty" {RegenMP Str+6}
 14210 | D:9      | Noticed Erica
 14222 | D:9      | Killed Erica
 14559 | D:4      | Bought the ring of Arghetag {Wiz Str+3} for 606 gold pieces
 14718 | D:9      | Found a staircase to the Lair.
 15118 | D:9      | Noticed a centaur warrior
 15131 | D:9      | Killed a centaur warrior
 15347 | D:10     | Entered Level 10 of the Dungeon
 15530 | D:10     | Noticed Snorg
 15544 | D:10     | Killed Snorg
 15830 | D:10     | Noticed Maurice
 15840 | D:10     | Reached XP level 12. HP: 81/81 MP: 24/24
 15847 | D:10     | Killed Maurice
 15848 | D:10     | Reached skill level 5 in Dodging
 15851 | D:10     | Reached skill level 12 in Unarmed Combat
 15857 | D:10     | Identified a scroll of acquirement
 15857 | D:10     | Acquired 521 gold pieces
 15978 | D:10     | Noticed Erolcha
 15987 | D:10     | Killed Erolcha
 17172 | D:11     | Identified the ring of Jetaimp {Fire Will+ Str-5 Slay+3}
 17480 | D:11     | Found Owim Barocw's Antique Armour Emporium.
 17774 | D:12     | Noticed a seven-headed hydra
 17782 | D:12     | Killed a seven-headed hydra
 18217 | D:10     | Bought the Grimoire of the Mutagenic Mountains for 600 gold
                  | pieces
 18225 | D:10     | Learned a level 7 spell: Dragon Form
 18308 | D:12     | Noticed Rupert
 18308 | D:12     | Noticed Fannar
 18642 | D:13     | Found a gate to the Vaults.
 18907 | D:13     | Noticed a two-headed ogre
 18913 | D:13     | Killed a two-headed ogre
 19072 | D:13     | Found Qaomai Zuill's Assorted Antiques.
 19173 | D:13     | Reached skill level 13 in Unarmed Combat
 19502 | D:13     | Noticed a boulder beetle
 19518 | D:13     | Reached XP level 13. HP: 79/89 MP: 26/26
 19797 | D:13     | Found a glowing silver altar of Zin.
 19798 | D:13     | Found a stormy altar of Qazlal.
 19798 | D:13     | Found a glowing golden altar of the Shining One.
 19798 | D:13     | Found a glowing silver altar of Zin.
 19832 | D:13     | Shot with an arrow by a deep elf archer

Illustrated notes

Levels and vault maps discovered:
D:1:      amcnicky_arrival_blooded_trapdoor, layout_loops_corners,
          ebering_ecumenical_altar_mist
D:2:      minmay_general_purpose_star, layout_basic, uniq_robin
D:3:      layout_rooms, mainiacjoe_overflow_tiny_flanked,
          minmay_misc_feat_ornament
D:4:      layout_basic, cheibrodos_sewer_entry_drain, enter_ossuary_2
D:5:      layout_basic, uniq_blork_the_orc
D:6:      layout_loops_cross, grunt_temple_overflow_octagram, uniq_maggie
D:7:      layout_cave_pools, temple_fountains, kennysheep_minor_cross
D:8:      layout_basic, uniq_prince_ribbit1, uniq_pikel, uniq_psyche
D:9:      layout_loops_ring, david_lair_shrubbed, orc_0_dummy,
          minmay_hollow_rounded_squares, uniq_erica
D:10:     layout_cave_pods, minmay_misc_feat_five, uniq_maurice, uniq_erolcha,
          uniq_snorg
D:11:     layout_stronghold, serial_shops, nicolae_shop_stone
D:12:     layout_loops_cross, minmay_quadrilaterals, uniq_josephine, uniq_sonja,
          uniq_rupert, uniq_fannar
D:13:     minmay_the_grid_octo_2x2 [minmay_the_grid_octo_fat_diamond,
          minmay_the_grid_octo_shrine, minmay_the_grid_octo_checkered,
          minmay_the_grid_octo_prize_ultimate_mussel_roller], layout_rooms,
          david_vaults_1, serial_shops, nicolae_square_shop
Temple:   jpeg_temple_clearing

Skill      XL: |  1  2  3  4  5  6  7  8  9 10 11 12 13 |
---------------+----------------------------------------+-----
Fighting       | 2 3 4 5 6 7 8 |  8.7
Unarmed Combat | 4 5 6 7 9 10 11 13 | 13.3
Transmutations | 3 4 5 7 8 9 |  9.4
Spellcasting   | 3 4 5 7 8 9 |  9.3
Poison Magic   | 1 2 3 |  3.7
Ice Magic      | 1 2 |  2.4
Dodging        | 4 6 7 |  7.2

Action                   |  1- 3 |  4- 6 |  7- 9 | 10-12 | 13-15 || total
-------------------------+-------+-------+-------+-------+-------++-------
Melee: Unarmed           |    92 |   202 |   327 |   507 |    27 ||  1155
       Constrict         |    22 |    28 |     9 |     6 |       ||    65
       Kick              |    11 |       |     1 |     1 |       ||    13
       Tentacles         |    14 |    20 |     8 |    15 |       ||    57
       Punch             |       |     2 |     3 |     1 |       ||     6
 Cast: Beastly Appendage |     6 |     1 |     3 |     1 |       ||    11
       Spider Form       |     1 |     6 |    17 |    20 |       ||    44
       Ice Form          |       |       |    11 |    41 |     2 ||    54
Invok: Call Merchant     |       |       |     1 |     1 |       ||     2
Evoke: Wand              |       |       |       |     3 |       ||     3
  Use: Scroll            |     3 |     4 |     8 |     7 |     1 ||    23
       Potion            |     3 |     3 |     3 |     1 |     1 ||    11
 Stab: Sleeping          |    10 |     2 |       |       |       ||    12
       Distracted        |       |     2 |     2 |     2 |       ||     6
Armor: Skin              |    11 |    34 |    77 |   184 |    16 ||   322
Dodge: Dodged            |    47 |   137 |   218 |   320 |    19 ||   741

Table legend: (Time is in decaauts)
 A = Elapsed time spent in this place.
 B = Non-inter-level travel time spent in this place.
 C = Inter-level travel time spent in this place.
 D = Time resting spent in this place.
 E = Time spent auto-exploring this place.
 F = Levels seen in this place.
 G = Mean time per level.
                   A        B        C        D        E       F      G
               +--------+--------+--------+--------+--------+-----+--------+
         Total |  19674 |  18837 |    837 |   2311 |  12954 |  16 | 1229.6 |
       Dungeon |  17994 |  17174 |    820 |   1377 |  12801 |  13 | 1384.2 |
        Temple |     86 |     69 |     17 |      0 |     55 |   1 |   86.0 |
         Sewer |    129 |    129 |      0 |      0 |      0 |   1 |  129.0 |
       Ossuary |   1463 |   1463 |      0 |    934 |     98 |   1 | 1463.0 |
               +--------+--------+--------+--------+--------+-----+--------+

Top non-repeatable levels by time:
     D:6: 2303 daAuts
     D:8: 1810 daAuts
     D:1: 1787 daAuts
     D:9: 1731 daAuts
     D:2: 1589 daAuts
    D:13: 1491 daAuts
 Ossuary: 1463 daAuts
    D:10: 1365 daAuts
     D:5: 1323 daAuts
     D:3: 1051 daAuts
     D:4: 1037 daAuts
    D:11: 1031 daAuts
     D:7: 920 daAuts
    D:12: 550 daAuts
   Sewer: 129 daAuts
